 Dungeon Crawl Stone Soup version 0.25.1-2-g60ff931df9 (webtiles) character file.

Game seed: 12002613671252013746

49 DogServant the Grasshopper (level 3, 0/31 HPs)
             Began as a Draconian Warper on Oct 23, 2020.
             Succumbed to an adder's poison
             ... on level 2 of the Dungeon.
             The game lasted 00:03:04 (1255 turns).

DogServant the Grasshopper (Draconian Warper)       Turns: 1255, Time: 00:03:04

Health: 0/31       AC:  5    Str: 11 (13) XL:     3   Next: 53%
Magic:  3/6        EV: 12    Int: 12 (13) God:
Gold:   93         SH:  0    Dex: 10 (11) Spells: 2/6 levels left

rFire    . . .     SeeInvis .   a - +0 falchion
rCold    . . .     Gourm    .   (no shield)
rNeg     . . .     Faith    .   (armour unavailable)
rPois    .         Spirit   .   (helmet restricted)
rElec    .         Reflect  .   (no cloak)
rCorr    .         Harm     .   (no gloves)
MR       .....                  (no boots)
Stlth    +.........             (no amulet)
HPRegen  0.10/turn              (no ring)
MPRegen  0.10/turn              (no ring)

@: lethally poisoned (0 -> -8), flying
A: unfitting armour, cold-blooded, AC +5
a: no special abilities


You were on level 2 of the Dungeon.
You were not hungry.

You visited 1 branch of the dungeon, and saw 2 of its levels.

You collected 93 gold pieces.

Inventory:

Hand Weapons
 a - a +0 falchion (weapon)
Missiles
 d - 5 boomerangs of dispersal (quivered)
 j - 2 silver javelins
Scrolls
 c - a scroll of blinking
 e - a scroll of identify
Comestibles
 f - 4 rations


   Skills:
 - Level 3.0 Fighting
 + Level 2.7 Long Blades
 - Level 0.8 Throwing
 - Level 2.1 Dodging
 - Level 2.2 Spellcasting
 + Level 0.8 Charms
 + Level 3.3 Translocations


You had 2 spell levels left.
You knew the following spells:

 Your Spells              Type           Power        Failure   Level  Hunger
a - Blink                 Tloc           N/A          11%         2    ###....
b - Shroud of Golubria    Chrm/Tloc      #.....       17%         2    ###....

Your spell library contained the following spells:

 Spells                   Type           Power        Failure   Level  Hunger
 Gell's Gravitas          Tloc           #.........   21%         3    ####...
 Lesser Beckoning         Tloc           #.........   21%         3    ####...
 Teleport Other           Tloc           #.......     21%         3    ####...
 Passage of Golubria      Tloc           N/A          56%         4    #####..


Dungeon Overview and Level Annotations

Branches:
Dungeon (2/15)

Altars:


Innate Abilities, Weirdness & Mutations

Your plain brown scales are hard. (AC +5)
You cannot fit into any form of body armour.
You are cold-blooded and may be slowed by cold attacks.


Message History

It is a scroll of amnesia.
Really abort (and waste the scroll)?
Okay, then.
The adder misses you.
As you read the scroll labeled RUQUFF DUDU, it crumbles to dust.
It is a scroll of identify.
You don't have any unidentified items.
* * * LOW HITPOINT WARNING * * *
You feel sick. The adder bites you.
* * * LOW HITPOINT WARNING * * *
You are more poisoned.
The adder poisons you!
Your shroud falls apart!
You closely miss the adder.
The adder is lightly wounded.
* * * LOW HITPOINT WARNING * * *
You feel sick. The adder closely misses you. The adder misses you.
You closely miss the adder.
The adder is lightly wounded.
You die...

#.# .# #.##$#
###+###..<.#
#....†.#####
#......#
.####......#
.........####
#######..#
#.?@S....#######
#.######.......#
.................
...
......?.....#.#
... ............#
.. ............+
. ............#
#######.....+
#.....#


You could see an adder.

Vanquished Creatures
  An adder (D:2)
  An ooze (D:1)
  A leopard gecko (D:1)
  2 giant cockroaches (D:1)
  6 goblins
  3 hobgoblins (D:1)
  3 jackals (D:1)
  A quokka (D:2)
  5 bats (D:1)
  4 frilled lizards
  5 kobolds (D:1)
  A rat (D:1)
33 creatures vanquished.

Notes
Turn   | Place    | Note
-------+----------+-------------------------------------------
     0 | D:1      | DogServant the Draconian Warper began the quest for the
                  | Orb.
     0 | D:1      | Reached XP level 1. HP: 17/17 MP: 3/3
   108 | D:1      | Reached XP level 2. HP: 22/25 MP: 5/5
   112 | D:1      | Learned a level 2 spell: Blink
   118 | D:1      | Learned a level 2 spell: Shroud of Golubria
   379 | D:1      | Reached XP level 3. HP: 22/30 MP: 6/6
  1254 | D:2      | HP: 1/31 [poisoned by an adder]
  1255 | D:2      | Succumbed to an adder's poison

Illustrated notes

Levels and vault maps discovered:
D:1:      lightli_arrival_statuegarden, layout_basic, st_stairs_12
D:2:      layout_basic, old_standard_altar, first_ration

Skill      XL: |  1  2  3 |
---------------+----------+-----
Fighting       | 3 |  3.0
Long Blades    | |  2.7
Throwing       | |  0.8
Dodging        | |  2.1
Spellcasting   | |  2.2
Charms         | |  0.8
Translocations | |  3.3

Action                   || total
-------------------------++-------
Melee: Falchion          ||    85
       Tailslap          ||     8
 Cast: Shroud of Golubri ||     2
       Blink             ||     1
  Use: Scroll            ||     2
       Potion            ||     2
  Eat: Chunk             ||     1
Armor: Skin              ||    37
Dodge: Dodged            ||    68
       Rpst.: Falchion   ||    27
